 Dungeon Crawl Stone Soup version 0.30-a0-939-gc8157cb160 (webtiles) character file.

Game seed: 8144516403809917540

984 Lobster4 the Magician (level 8, 0/56 HPs)
             Began as a Djinni Fire Elementalist on Mar 25, 2023.
             Killed from afar by an electric eel (16 damage)
             ... with a bolt of electricity
             ... on level 6 of the Dungeon.
             The game lasted 00:11:21 (4894 turns).

Lobster4 the Magician (Djinni Fire Elementalist)    Turns: 4894, Time: 00:11:22

Health: 0/56       AC: 11    Str:  7    XL:     8   Next: 40%
Gold:   471        EV: 13    Int: 19    God:
                   SH:  0    Dex: 14

rFire   + + .      SeeInvis .    b - +0 hand axe (venom)
rCold   x . .      Faith    .    (no shield)
rNeg    . . .      Spirit   .    w - +2 robe
rPois   ∞          Reflect  .    o - +2 helmet
rElec   .          Rampage  .    (no cloak)
rCorr   .                        (no gloves)
Will    +....                    (boots unavailable)
Stlth   ++                       (no amulet)
HPRegen 0.29/turn                C - +4 ring of protection
MPRegen 0.00/turn                B - ring of willpower

@: flying
A: sickness immunity, fire resistance 2, cold vulnerability 1, float, innate
caster, HP casting, extra vitality 1
a: no special abilities


You were on level 6 of the Dungeon.
You visited 2 branches of the dungeon, and saw 7 of its levels.

You collected 471 gold pieces.

Inventory:

Hand Weapons
 b - a +0 hand axe of venom (weapon)
 p - a +0 shortbow
 u - a +5 dagger
Missiles
 i - 25 poisoned darts
Armour
 o - a +2 helmet (worn)
 w - a +2 robe (worn)
Jewellery
 h - a +6 ring of strength
 v - the Hermit's Pendant {Faith Invo=14 Evo=0 MP+5}
   (You found it on level 4 of the Dungeon)

   [amulet of faith]

   Invo=14: It sets your Invocations skill to 14.
   Evo=0: It sets your Evocations skill to 0.
   It allows you to gain divine favour quickly.
   MP:        It affects your magic capacity (+5).
 B - a ring of willpower (right hand)
 C - a +4 ring of protection (left hand)
Wands
 a - a wand of flame (30)
 s - a wand of iceblast (7)
Scrolls
 d - 2 scrolls of magic mapping {unknown}
 f - 2 scrolls of teleportation {unknown}
 g - a scroll of torment {unknown}
 j - a scroll of brand weapon {unknown}
 k - a scroll of fear {unknown}
 m - 2 scrolls of fog {unknown}
 q - 2 scrolls of immolation {unknown}
 x - 2 scrolls of amnesia {unknown}
 y - 2 scrolls of vulnerability {unknown}
 D - a scroll of identify
Potions
 c - a potion of brilliance
 e - 2 potions of heal wounds {unknown}
 l - 3 potions of might {unknown}
 n - 4 potions of curing
 r - a potion of mutation {unknown}
 t - a potion of lignification {unknown}
 z - a potion of haste
 A - a potion of cancellation


   Skills:
 + Level 3.1 Fighting
 + Level 2.6 Axes
 + Level 1.3 Throwing
 + Level 3.0 Armour
 + Level 4.3 Dodging
 - Level 2.0 Stealth
 * Level 4.6 Spellcasting
 + Level 1.6 Evocations


You knew the following spells:

 Your Spells              Type           Power      Damage    Failure   Level
a - Foxfire               Conj/Fire      84%        2x1d8     1%          1
b - Scorch                Fire           42%        2d7       3%          2
c - Magic Dart            Conj           84%        1d7       1%          1
d - Inner Flame           Hex/Fire       21%        N/A       6%          3
e - Flame Wave            Conj/Fire      21%        2d8       19%         4
f - Confusing Touch       Hex            21%        N/A       6%          3
g - Static Discharge      Conj/Air       42%        2-4/arc   3%          2
k - Kindle Blastsparks    Fire/Tloc/Air  42%        2d13      6%          3
Your spell library was empty.

Dungeon Overview and Level Annotations

Branches:
Dungeon (6/15)             Temple (1/1) D:6

Altars:
Ashenzari
Cheibriados
Dithmenos
Elyvilon
Fedhas
Okawaru
Qazlal
Ru
Trog
Uskayaw
Yredelemnul
Zin
The Shining One


Innate Abilities, Weirdness & Mutations

You are immune to sickness and miasma.
You are immune to poison.
Your flesh is very heat resistant. (rF++)
You are vulnerable to cold. (rC-)
You float through the air rather than walking.
You learn spells naturally, not from books.
Your magical power is your life essence.
You have superior vitality. (+4 MHP)


Message History

The orc shouts! x3
Found a chain mail.
The orc warrior hits you from afar with a +0 trident of distortion.
Space warps horribly around you!!
Casting: Foxfire (safe; 1% risk of failure)
Confirm with . or Enter, or press ? or * to list all spells.
You conjure some foxfire!
Unknown command.
Casting: Foxfire (safe; 1% risk of failure)
Confirm with . or Enter, or press ? or * to list all spells.
You conjure some foxfire!
Unknown command.
Casting: Foxfire (safe; 1% risk of failure)
Confirm with . or Enter, or press ? or * to list all spells.
You conjure some foxfire!
The foxfire hits the orc warrior.
The orc warrior is lightly wounded.
Unknown command.
Casting: Foxfire (safe; 1% risk of failure)
Confirm with . or Enter, or press ? or * to list all spells.
You conjure some foxfire!
The foxfire hits the orc warrior but does no damage.
The orc warrior is lightly wounded.
The foxfire hits the orc warrior but does no damage.
The orc warrior is lightly wounded.
Unknown command.
An electric eel comes into view.
The foxfire hits the orc warrior but does no damage.
The orc warrior is lightly wounded.
The foxfire hits the orc.
The orc is severely wounded.
The electric eel shoots out a bolt of lightning at you!
The bolt of electricity hits you.
The electric eel shoots out a bolt of lightning at you!
The bolt of electricity hits you!
* * * LOW HITPOINT WARNING * * *
The bolt of electricity misses you.
There is a stone staircase leading up here.
The electric eel shoots out a bolt of lightning at you!
The bolt of electricity hits you!
You die...

......................#..
##......................
###......................#
#.........................
##....#.................#.
###.....#.......#.#+#....).#
#§...:..........#.+ +.....##
###.##ooo.....#.....#
#...#...
#.oo###......@###....
######.#
#.≈≈≈≈≈≈≈≈≈....#..... ...
#o≈##≈≈≈##S....##...##
#.≈#######≈....####..
#.≈≈#...#≈≈.....# #..
#.o.o..[#≈≈.......
##≈≈#oo.#≈≈........
#≈#######≈........ #≈#
#≈........


You could see an electric eel and 3 orcs.

Vanquished Creatures
  Sigmund (D:4)
  A black bear (D:5)
  A centaur (D:5)
  3 scorpions
  A wight (D:4)
  A jelly (D:5)
  3 hounds
  5 iguanas
  6 gnolls
  5 adders
  2 white imps
  2 ufetubi
  A worm (D:2)
  2 dart slugs
  7 orcs
  5 bats
  4 endoplasms
  3 goblins
  4 hobgoblins
  3 jackals (D:1)
  A quokka (D:5)
  5 ball pythons
  5 frilled lizards
  5 kobolds
  3 rats
79 creatures vanquished.

Vanquished Creatures (collateral kills)
  A foxfire (D:6)
1 creature vanquished.

Vanquished Creatures (others)
  357 foxfires
  4 toadstools (D:2)
361 creatures vanquished.

Grand Total: 441 creatures vanquished

Notes
Turn   | Place    | Note
-------+----------+-------------------------------------------
     0 | D:1      | Lobster4 the Djinni Fire Elementalist began the quest for
                  | the Orb.
     0 | D:1      | Lobster4 set off with the following spells memorised:
                  | Foxfire, Scorch, Kindle Blastsparks, Inner Flame, Flame
                  | Wave.
     0 | D:1      | Reached XP level 1. HP: 15/15 MP: 0/0
   236 | D:1      | Reached XP level 2. HP: 17/21 MP: 0/0
   896 | D:2      | Reached XP level 3. HP: 24/26 MP: 0/0
   896 | D:2      | Learned a level 1 spell: Magic Dart
   932 | D:2      | Found a faded altar of an unknown god.
   933 | D:2      | Noticed a floating eye
   961 | D:2      | Noticed a floating eye
   967 | D:2      | Noticed a great orb of eyes
   967 | D:2      | Noticed an eye of devastation
  1528 | D:3      | Reached XP level 4. HP: 29/31 MP: 0/0
  1781 | D:3      | Reached skill level 1 in Fighting
  1781 | D:3      | Reached skill level 1 in Axes
  2544 | D:3      | Reached skill level 1 in Armour
  2551 | D:3      | Reached XP level 5. HP: 28/37 MP: 0/0
  2551 | D:3      | Learned a level 2 spell: Static Discharge
  2876 | D:4      | Found a faded altar of an unknown god.
  2876 | D:4      | Found the Hermit's Pendant {Faith Invo=14 Evo=0 MP+5}
  2894 | D:4      | Reached XP level 6. HP: 35/43 MP: 0/0
  3017 | D:4      | Noticed Sigmund
  3027 | D:4      | Killed Sigmund
  3079 | D:4      | Reached XP level 7. HP: 44/49 MP: 0/0
  3079 | D:4      | Learned a level 3 spell: Confusing Touch
  3665 | D:5      | Entered Level 5 of the Dungeon
  3907 | D:5      | Found a hide-covered altar of Uskayaw.
  3961 | D:5      | Reached skill level 1 in Evocations
  3964 | D:5      | Found a shadowy altar of Dithmenos.
  3966 | D:5      | Reached XP level 8. HP: 47/55 MP: 0/0
  4040 | D:5      | Reached skill level 1 in Throwing
  4723 | D:6      | Found a staircase to the Ecumenical Temple.
  4736 | Temple   | Entered the Ecumenical Temple
  4894 | D:6      | Killed from afar by an electric eel

Illustrated notes

Levels and vault maps discovered:
D:1:      heliophobic_arrival_enchanted_forest, layout_loops_ring,
          serial_park_tiny_pond
D:2:      layout_rooms, hellmonk_ecumenical_altar_watching_god,
          minmay_gold_behind_fungi
D:3:      layout_loops_corners
D:4:      layout_gridville, chequers_serial_rivers_small_a,
          hellmonk_guarded_unrand_hermit, uniq_sigmund
D:5:      layout_basic, grunt_dithmenos_smoke_and_mirrors,
          nicolae_uskayaw_dance_hall
D:6:      layout_cave_pools, minmay_temple_entry_arrows, serial_gnoll_camp,
          gnoll_camp_mini_house, gnoll_camp_mini_loothouse, gnoll_camp_mini_hut,
          gnoll_camp_mini_house, serial_shops, nicolae_shop_behind_doors,
          lightli_minifort
Temple:   nicolae_temple_god_jail

Skill      XL: |  1  2  3  4  5  6  7  8 |
---------------+-------------------------+-----
Stealth        | 2 |  2.0
Fighting       | 1 2 3 |  3.1
Axes           | 1 2 |  2.6
Armour         | 1 2 3 |  3.0
Spellcasting   | 3 4 |  4.6
Dodging        | 3 4 |  4.3
Evocations     | 1 |  1.6
Throwing       | 1 |  1.3

Action                     |  1- 3 |  4- 6 |  7- 9 || total
---------------------------+-------+-------+-------++-------
  Melee: Hand axe          |     7 |       |     1 ||     8
   Cast: Foxfire           |    74 |    68 |    82 ||   224
         Scorch            |       |     8 |    17 ||    25
         Magic Dart        |       |     1 |       ||     1
    Use: Scroll            |       |     3 |     3 ||     6
         Potion            |       |     1 |       ||     1
 Armour: Robe              |     7 |     3 |     4 ||    14
  Dodge: Dodged            |    10 |     3 |     9 ||    22

Table legend: (Time is in decaauts)
 A = Elapsed time spent in this place.
 B = Non-inter-level travel time spent in this place.
 C = Inter-level travel time spent in this place.
 D = Time resting spent in this place.
 E = Time spent auto-exploring this place.
 F = Levels seen in this place.
 G = Mean time per level.
                   A        B        C        D        E       F      G
               +--------+--------+--------+--------+--------+-----+--------+
         Total |   4892 |   4753 |    139 |    139 |   3892 |   7 |  698.9 |
       Dungeon |   4821 |   4695 |    126 |    139 |   3842 |   6 |  803.5 |
        Temple |     71 |     58 |     13 |      0 |     50 |   1 |   71.0 |
               +--------+--------+--------+--------+--------+-----+--------+

Top non-repeatable levels by time:
     D:3: 1173 daAuts
     D:4: 1074 daAuts
     D:5: 826 daAuts
     D:1: 825 daAuts
     D:2: 591 daAuts
     D:6: 329 daAuts
  Temple: 71 daAuts
